 Dungeon Crawl Stone Soup version 0.29-a0-338-g1ff7896281 (webtiles) character file.

Game seed: 9127243128688705580

12105 kevlar127 the Grappler (level 11, -3/108 (113) HPs)
             Began as a Troll Berserker on Apr 17, 2022.
             Was an Elder of Trog.
             Slain by a hellwing (14 damage)
             ... summoned by an orc high priest
             ... on level 2 of the Orcish Mines.
             The game lasted 01:57:46 (9160 turns).

kevlar127 the Grappler (Troll Berserker)            Turns: 9160, Time: 01:57:46

HP:   -3/108 (113)  AC:  5    Str: 31    XL:     11   Next: 58%
MP:   10/10         EV: 15    Int:  3    God:    Trog [****..]
Gold: 1264          SH:  0    Dex:  9    Spells: 10/10 levels left

rFire   . . .      SeeInvis .     - Unarmed
rCold   . . .      Faith    .   (no shield)
rNeg    . . .      Spirit   .   y - +0 acid dragon scales
rPois   .          Reflect  .   (helmet restricted)
rElec   .          Harm     .   G - +0 cloak
rCorr   +          Rampage  .   (gloves unavailable)
Will    ++...                   (boots unavailable)
Stlth   +.........              w - amulet of regeneration
HPRegen 2.88/turn               m - +4 ring of evasion
MPRegen 0.12/turn               (no ring)

@: mighty, strong-willed, corroded, regenerating, hasted (expiring), lightly
drained, very quick
A: large, unfitting armour, claws 3, regeneration 1, shaggy fur 1, tough skin 1
a: Renounce Religion, Berserk, Trog's Hand, Brothers in Arms


You were on level 2 of the Orcish Mines.
You worshipped Trog.
Trog was greatly pleased with you.
You visited 2 branches of the dungeon, and saw 11 of its levels.

You collected 1264 gold pieces.

Inventory:

Missiles
 d - 254 stones
 s - 31 poisoned darts
 B - 2 boomerangs (quivered)
 D - 3 silver javelins
Armour
 y - +0 acid dragon scales (worn)
 G - a +0 cloak (worn)
Magical Staves
 C - a staff of air
Jewellery
 m - a +4 ring of evasion (left claw)
 w - an amulet of regeneration (around neck)
Wands
 a - a wand of charming (4)
 o - a wand of paralysis (5)
 t - a wand of flame (16)
 F - a wand of iceblast (5)
Scrolls
 c - a scroll of identify
 e - 5 scrolls of teleportation {unknown}
 f - 3 scrolls of blinking {unknown}
 g - a scroll of vulnerability {unknown}
 h - a scroll of brand weapon {unknown}
 i - 2 scrolls of fear {unknown}
 p - 3 scrolls of amnesia {unknown}
 q - 2 scrolls of magic mapping {unknown}
 v - a scroll of noise
 A - 2 scrolls of enchant weapon {unknown}
 E - a scroll of immolation {unknown}
 I - a scroll of fog {unknown}
Potions
 b - 2 potions of might
 j - a potion of ambrosia
 k - 2 potions of flight
 l - 2 potions of cancellation
 n - 4 potions of curing
 r - 2 potions of heal wounds
 u - 3 potions of brilliance
 x - 2 potions of degeneration
 z - 2 potions of haste
 H - a potion of resistance


   Skills:
 + Level 8.8 Fighting
 + Level 8.5 Throwing
 + Level 6.7 Dodging
 + Level 10.8 Unarmed Combat


You had 10 spell levels left.
You didn't know any spells.
Your spell library contained the following spells:

 Spells                   Type           Power      Damage    Failure   Level
 Sandblast                Erth           0%         2d4       58%         1
 Slow                     Hex            0%         N/A       58%         1
 Passwall                 Tmut/Erth      0%         N/A       73%         2
 Confusing Touch          Hex            0%         N/A       91%         3
 Portal Projectile        Hex/Tloc       0%         N/A       91%         3
 Stone Arrow              Conj/Erth      0%         3d7       91%         3
 Vampiric Draining        Necr           0%         2d6       91%         3
 Blade Hands              Tmut           0%         N/A       100%        5
 Excruciating Wounds      Necr           0%         N/A       100%        5
 Conjure Ball Lightning   Conj/Air       0%         3x3d6     100%        6
 Discord                  Hex            0%         N/A       100%        8
 Disjunction              Tloc           0%         N/A       100%        8


Dungeon Overview and Level Annotations

Branches:
Dungeon (9/15)             Temple (0/1) D:4             Orc (2/2) D:9
   Lair: D:8-11         Elf: Orc:2

Altars:
Kikubaaqudgha
Vehumet
Beogh


Innate Abilities, Weirdness & Mutations

You are too large for most types of armour.
You have claws for hands.
Your natural rate of healing is unusually fast.
You are covered in fur. (AC +1)
You have tough skin. (AC +1)


Message History

Your skin crawls.
You feel strong-willed.
The hellwing disappears in a puff of smoke!
The orc wizard casts a spell at you. The magic dart hits you!
The orc high priest hits you from afar with a +0 glaive.
* * * LOW HITPOINT WARNING * * *
The hellwing hits you but does no damage.
The hellwing closely misses you.
The orc sorcerer gestures at you while chanting.
The bolt of negative energy hits the hellwing.
The hellwing completely resists.
The bolt of negative energy hits you!!
You feel drained.
* * * LOW HITPOINT WARNING * * *
Unknown command.
You feel much better.
The hellwing swoops through the air toward you!
The hellwing hits you!
* * * LOW HITPOINT WARNING * * *
The hellwing hits you!
* * * LOW HITPOINT WARNING * * *
You scratch the hellwing. You claw the hellwing!
The hellwing is moderately wounded.
The rust devil closely misses you. The hellwing completely misses you.
The hellwing misses you.
You barely miss the hellwing.
The hellwing is moderately wounded.
Your extra speed is starting to run out.
The hellwing hits you but does no damage.
The hellwing misses you.
The hellwing swoops through the air toward you!
The hellwing misses you. x2
You closely miss the hellwing.
The hellwing is lightly wounded.
The rust devil disappears in a puff of smoke!
The orc priest looks braver for a moment.
You claw the hellwing!
The hellwing is heavily wounded.
The hellwing hits you!
You die...

##........... ##............
.#..........# ............###
.#.........##.## ..#
...............### ..# ..
...............#4## #..#...
..............#4@o# ...#..#
...............#.## ......#
................{######......#
................4o.#o..5.....#
.................o)o.)))o.#
................#.o.o.o)..#
......##..<.....##o#o).ยง..#
.......#..#.#...###.))....#
..........##....# ##.##...#


You could see an orc high priest, 2 hellwings, a red devil (summoned), an orc
warrior, 2 orc priests and an orc wizard.

Vanquished Creatures
  2 two-headed ogres
  2 orc high priests (Orc:2)
  An orc knight (Orc:1)
  An orc sorcerer (Orc:2)
  A necromancer (D:9)
  An ugly thing (D:8)
  A cyclops (Orc:1)
  A troll (Orc:2)
  A hornet (D:7)
  Sigmund (D:2)
  6 yaks (D:8)
  Eustachio (D:4)
  A steam dragon (D:7)
  2 wargs
  2 acid dragons
  Duvessa (D:4)
  11 orc warriors
  3 black bears
  An ice beast (D:5)
  A sky beast (D:7)
  8 ogres
  A phantom (D:5)
  4 kobold brigands
  4 bullfrogs
  A necrophage (D:7)
  A scorpion (D:3)
  2 gnoll sergeants
  Dowan (D:4)
  15 killer bees
  4 howler monkeys (D:9)
  4 hounds
  A jelly (D:8)
  A gnoll shaman (D:6)
  15 orc priests
  Terence (D:3)
  3 iguanas
  19 orc wizards
  A polar bear simulacrum (D:9)
  4 yak simulacra (D:9)
  5 wolf simulacra (D:9)
  18 gnolls
  9 adders
  2 shadow imps
  4 worms
  2 dart slugs
  57 orcs
  6 endoplasms
  5 giant cockroaches
  7 hobgoblins
  7 jackals
  5 quokkas
  6 ball pythons
  5 bats
  3 frilled lizards
  6 goblins
  A goblin zombie (D:5)
  25 kobolds
  A quokka zombie (D:5)
  5 rats
  A river rat simulacrum (D:9)
311 creatures vanquished.

Vanquished Creatures (others)
  6 fungi (D:4)
  3 plants
9 creatures vanquished.

Grand Total: 320 creatures vanquished

Notes
Turn   | Place    | Note
-------+----------+-------------------------------------------
     0 | D:1      | kevlar127 the Troll Berserker began the quest for the Orb.
     0 | D:1      | Reached XP level 1. HP: 22/22 MP: 0/0
   185 | D:1      | Reached XP level 2. HP: 25/29 MP: 1/1
   380 | D:1      | Reached ** piety under Trog
   614 | D:2      | Reached XP level 3. HP: 36/36 MP: 2/2
   770 | D:2      | Noticed Sigmund
   778 | D:2      | Killed Sigmund
   779 | D:2      | Reached skill level 4 in Unarmed Combat
   779 | D:2      | Reached XP level 4. HP: 46/46 MP: 3/3
   779 | D:2      | Reached XP level 5. HP: 53/53 MP: 4/4
  1179 | D:2      | Noticed an ogre
  1185 | D:2      | Killed an ogre
  1186 | D:2      | Reached skill level 1 in Throwing
  1186 | D:2      | Reached XP level 6. HP: 62/62 MP: 5/5
  1605 | D:3      | Reached skill level 5 in Unarmed Combat
  1696 | D:3      | Found an ancient bone altar of Kikubaaqudgha.
  1696 | D:3      | Found a radiant altar of Vehumet.
  1820 | D:3      | Noticed Terence
  1827 | D:3      | Killed Terence
  2080 | D:4      | Noticed Eustachio
  2087 | D:4      | Killed Eustachio
  2088 | D:4      | Reached XP level 7. HP: 70/70 MP: 6/6
  2332 | D:4      | Reached skill level 6 in Unarmed Combat
  2720 | D:4      | Noticed Dowan
  2722 | D:4      | Noticed Duvessa
  2730 | D:4      | Killed Duvessa
  2745 | D:4      | Killed Dowan
  3128 | D:4      | Reached XP level 8. HP: 79/79 MP: 7/7
  3130 | D:4      | Found a staircase to the Ecumenical Temple.
  3581 | D:5      | Entered Level 5 of the Dungeon
  3600 | D:5      | Reached skill level 5 in Fighting
  3769 | D:5      | Reached *** piety under Trog
  3786 | D:5      | Reached skill level 7 in Unarmed Combat
  5149 | D:6      | Reached skill level 5 in Throwing
  5257 | D:7      | Reached XP level 9. HP: 89/89 MP: 8/8
  5378 | D:7      | Reached skill level 8 in Unarmed Combat
  6413 | D:8      | Noticed a green ugly thing
  6426 | D:8      | Killed a green ugly thing
  6427 | D:8      | Reached skill level 9 in Unarmed Combat
  6534 | D:8      | Reached XP level 10. HP: 69/102 MP: 9/9
  6684 | D:8      | Identified the +9 dagger "Lorem Ipsum" {flame, Will+}
  7172 | D:8      | Reached skill level 5 in Dodging
  7317 | D:9      | Found a staircase to the Orcish Mines.
  7473 | D:9      | Noticed a two-headed ogre
  7484 | D:9      | Killed a two-headed ogre
  7740 | D:9      | Reached skill level 10 in Unarmed Combat
  7967 | D:9      | Reached **** piety under Trog
  8185 | D:9      | Noticed a necromancer
  8198 | D:9      | Killed a necromancer
  8304 | Orc:1    | Entered Level 1 of the Orcish Mines
  8330 | Orc:1    | Noticed an orc knight
  8337 | Orc:1    | Reached XP level 11. HP: 74/111 MP: 10/10
  8346 | Orc:1    | Killed an orc knight
  8347 | Orc:1    | Noticed a two-headed ogre
  8352 | Orc:1    | Killed a two-headed ogre
  8564 | Orc:2    | Entered Level 2 of the Orcish Mines
  8739 | Orc:2    | Noticed an orc sorcerer
  8745 | Orc:2    | Noticed a soul eater
  8751 | Orc:2    | Killed an orc sorcerer
  9075 | Orc:2    | Noticed an orc high priest
  9086 | Orc:2    | Noticed an orc high priest
  9088 | Orc:2    | Killed an orc high priest
  9100 | Orc:2    | Killed an orc high priest
  9108 | Orc:2    | Noticed an orc high priest
  9113 | Orc:2    | Noticed an orc sorcerer
  9133 | Orc:2    | Noticed an orc high priest
  9154 | Orc:2    | HP: 4/108 [orc sorcerer/bolt of negative energy (28)]
  9160 | Orc:2    | Slain by a hellwing

Illustrated notes

Levels and vault maps discovered:
D:1:      psy_arrival_terrarium, layout_rooms, chequers_hall_statues_corner_a
D:2:      layout_basic, uniq_sigmund
D:3:      layout_loops_ring, grunt_temple_overflow_open, serial_park_tiny_2,
          kennysheep_doodads, uniq_terence
D:4:      layout_basic, minmay_temple_entry_proselytizer, kennysheep_path_1,
          dreamdust_gnoll_farm, uniq_duvessa, uniq_eustachio
D:5:      layout_cave_pools, serial_bayou, serial_bayou_lake_a,
          serial_bayou_shore_a, serial_bayou_crossing, serial_bayou_shore_b,
          enter_ossuary_4, kennysheep_generic_room_14
D:6:      layout_basic
D:7:      layout_basic, palyth_stone_intersect, hex_tiny
D:8:      layout_rooms, special_room [special_room_orc]
D:9:      layout_cave_pools, orc_0_dummy, eino_house_with_fridge
Orc:1:    layout_caves, basic_altar
Orc:2:    st_orc_mages, layout_caves

Skill      XL: |  1  2  3  4  5  6  7  8  9 10 11 |
---------------+----------------------------------+-----
Fighting       | 3 4 6 7 8 |  8.8
Dodging        | 3 4 5 6 |  6.7
Unarmed Combat | 4 5 6 7 9 10 | 10.8
Throwing       | 1 2 3 5 6 7 8 |  8.5

Action                   |  1- 3 |  4- 6 |  7- 9 | 10-12 || total
-------------------------+-------+-------+-------+-------++-------
Melee: Unarmed           |    84 |    75 |   329 |   300 ||   788
       Punch             |     2 |     3 |    18 |    15 ||    38
Throw: Boomerang         |       |    11 |    17 |    67 ||    95
       Stone             |       |       |    50 |     1 ||    51
       Javelin           |       |       |       |     5 ||     5
Invok: Trog's Hand       |     1 |     4 |    16 |    13 ||    34
       Berserk           |     1 |     2 |     4 |     2 ||     9
  Use: Scroll            |       |       |     7 |     2 ||     9
       Potion            |       |       |     1 |     6 ||     7
Armor: Animal skin       |    29 |    13 |    25 |       ||    67
       Acid dragon scale |       |       |    40 |    95 ||   135
Dodge: Dodged            |    36 |    57 |   268 |   265 ||   626

Table legend: (Time is in decaauts)
 A = Elapsed time spent in this place.
 B = Non-inter-level travel time spent in this place.
 C = Inter-level travel time spent in this place.
 D = Time resting spent in this place.
 E = Time spent auto-exploring this place.
 F = Levels seen in this place.
 G = Mean time per level.
                   A        B        C        D        E       F      G
               +--------+--------+--------+--------+--------+-----+--------+
         Total |   9192 |   8919 |    273 |   1993 |   4576 |  11 |  835.6 |
       Dungeon |   8368 |   8095 |    273 |   1695 |   4321 |   9 |  929.8 |
  Orcish Mines |    823 |    823 |      0 |    298 |    255 |   2 |  411.5 |
               +--------+--------+--------+--------+--------+-----+--------+

Top non-repeatable levels by time:
     D:4: 1527 daAuts
     D:5: 1055 daAuts
     D:7: 1047 daAuts
     D:9: 1025 daAuts
     D:8: 947 daAuts
     D:3: 836 daAuts
     D:2: 682 daAuts
     D:6: 672 daAuts
     D:1: 573 daAuts
   Orc:2: 562 daAuts
   Orc:1: 261 daAuts
